 Dungeon Crawl Stone Soup version 0.16-a0-321-g9a421ca (webtiles) character file.

182 Qrupt the Sneak (level 5, 0/24 HPs)
             Began as a Vine Stalker Ice Elementalist on Sept 2, 2014.
             Slain by an orc warrior
             ... wielding a +0 short sword of draining
              (5 damage)
             ... on Level 3 of the Dungeon.
             The game lasted 00:08:04 (2169 turns).

Qrupt the Sneak (Vine Stalker Ice Elementalist)     Turns: 2169, Time: 00:08:04

HP   0/24        AC  3     Str 10      XL: 5   Next: 61%
MP   0/14        EV 12     Int 16      God:
Gold 101         SH  0     Dex 15      Spells:  3 memorised,  4 levels left

rFire  . . .     SeeInvis .     d - +0 dagger
rCold  . . .     Clarity  .     a - +0 robe
rNeg   . . .     rCorr    .     (no shield)
rPois  .         rRot     +     (no helmet)
rElec  .         Spirit   +     (no cloak)
SustAb .         Warding  .     n - +0 pair of gloves
rMut   .         Stasis   .     (no boots)
Gourm  .                        (no amulet)
MR     .....                    (no ring)
                                (no ring)

@: drained, not resistant to hostile enchantments, fairly stealthy
A: fangs 2, regeneration 1, magic shield, antimagic bite, no device heal 3, rot
immunity
a: no special abilities


You were on level 3 of the Dungeon.
You were near starving.

You visited 1 branch of the dungeon, and saw 3 of its levels.

You collected 101 gold pieces.

Inventory:

Hand weapons
 d - a +0 dagger (weapon)
Armour
 a - a +0 robe (worn)
 j - a +0 buckler
 n - a +0 pair of gloves (worn)
Comestibles
 c - a bread ration
 o - a beef jerky
 q - a meat ration
 r - 12 fruits
Scrolls
 e - 2 scrolls of teleportation {unknown}
 f - 2 scrolls of remove curse {unknown}
 i - 4 scrolls of identify {unknown}
 k - a scroll of enchant weapon {unknown}
 m - a scroll of noise {unknown}
 p - a scroll of random uselessness {unknown}
Potions
 g - a potion of confusion {unknown}
 h - 2 potions of invisibility {unknown}
 l - 2 potions of restore abilities {unknown}
Books
 b - a book of Frost

   Spells                             Type                      Level
   *Freeze                            Ice                          1
   *Throw Frost                       Conjuration/Ice              2
   Ozocubu's Armour                   Charms/Ice                   3
   *Throw Icicle                      Conjuration/Ice              4
   Summon Ice Beast                   Ice/Summoning                4
   Condensation Shield                Ice                          4


   Skills:
 - Level 1.5(1.1) Dodging
 + Level 4.8(4.4) Stealth
 + Level 3.8(3.3) Spellcasting
 - Level 1.0(0.5) Conjurations
 + Level 4.0(3.5) Ice Magic


You had 4 spell levels left.
You knew the following spells:

 Your Spells              Type           Power        Failure   Level  Hunger
a - Freeze                Ice            ##..         6%          1    None
b - Throw Frost           Conj/Ice       #.....       14%         2    ##.....
c - Throw Icicle          Conj/Ice       #.......     85%         4    ####...


Dungeon Overview and Level Annotations

Branches:
Dungeon (3/15)

Altars:


Innate Abilities, Weirdness & Mutations

You have extremely sharp teeth.
Your natural rate of healing is unusually fast.
When hurt, damage is shared between your health and your magic reserves.
Your bite disrupts and absorbs the magic of your enemies.
Potions and wands cannot restore your health.
You are immune to rotting.


Message History

Casting: Throw Frost
Confirm with . or Enter, or press ? or * to list all spells.
Aiming: Throw Frost
Press: ? - help, Shift-Dir - straight line, f/p - orc warrior
Aim: an orc warrior, wielding a glowing short sword and wearing a plate armour (moderately wounded)
The puff of frost hits the orc warrior.
The orc warrior is moderately wounded.
There is a stone staircase leading up here.
Casting: Throw Frost
Confirm with . or Enter, or press ? or * to list all spells.
Aiming: Throw Frost
Press: ? - help, Shift-Dir - straight line, f/p - orc warrior
Aim: an orc warrior, wielding a glowing short sword and wearing a plate armour (moderately wounded)
The puff of frost hits the orc warrior.
The orc warrior is moderately wounded.
The orc warrior hits you with a glowing short sword!!
Ouch! That really hurt!
* * * LOW HITPOINT WARNING * * *
You feel drained.
You die...

♣♣###.# #...........# #.# #)#
##########..##########.# #.#
#.............# #(#
##o############ #.# #.# #)# #.#
#####.# #.#
......#############.#
####..#........o@.#)###########
#..#.#########.#.o.o.......#
####..#.# #.###########.#
......#o# #.# #.# ####.##.#
#######.# #.# #.##.# #.)...#.#
#.# #.##.#
#.###.#.###########.#
#>##.###.# #...........)...#
#....>...#####.#############


You could see an orc warrior.

Vanquished Creatures
  The ghost of Protee the Insei, a weakling OpTm (D:3)
  2 orc priests (D:3)
  Ijyb (D:2)
  3 adders
  A worm (D:2)
  2 oozes
  An orc (D:3)
  5 goblins
  5 hobgoblins
  A ball python (D:2)
  5 bats
  4 giant newts (D:1)
  4 kobolds
  6 rats
41 creatures vanquished.

Notes
Turn   | Place    | Note
--------------------------------------------------------------
     0 | D:1      | Qrupt, the Vine Stalker Ice Elementalist, began the quest for the Orb.
     0 | D:1      | Reached XP level 1. HP: 9/9 MP: 3/3
   304 | D:1      | Reached XP level 2. HP: 13/13 MP: 6/6
   680 | D:2      | Reached XP level 3. HP: 16/16 MP: 2/7
   742 | D:2      | Noticed Ijyb
   771 | D:2      | Killed Ijyb
   952 | D:2      | Reached XP level 4. HP: 18/21 MP: 2/10
  1016 | D:2      | Reached skill level 4 in Stealth
  1020 | D:2      | Learned a level 2 spell: Throw Frost
  1025 | D:2      | Learned a level 4 spell: Throw Icicle
  1523 | D:3      | Noticed an orc warrior
  1693 | D:3      | Noticed Protee's ghost (weakling OpTm)
  1714 | D:3      | Killed Protee's ghost
  1714 | D:3      | Reached XP level 5. HP: 17/24 MP: 0/13
  2169 | D:3      | Slain by an orc warrior

Action                   |  1- 3 |  4- 6 || total
-------------------------+-------+-------++-------
Melee: Dagger            |    60 |    32 ||    92
       Unarmed           |    10 |       ||    10
 Cast: Freeze            |    21 |    15 ||    36
       Throw Frost       |       |    25 ||    25
 Stab: Sleeping          |     2 |     4 ||     6
  Eat: Chunk             |       |     3 ||     3
